cohdb
Replays
Latest Replays
All Replays
Popular Replays
Top Player Replays
Match Explorer
How It Works
Community
CoH3 Stats
Reddit
Sign in to upload your games and track your stats! →
Sign in with Steam
Match 37844808
Unlisted
Match 37844808
Overview
Messages
Build Orders
End
Kettenkrad Recon Vehicle
Construct Infanterie Kompanie
Selects Breakthrough Battlegroup
Selects Assault Grenadiers
Grenadier Squad
Grenadier Squad
MG 42 Machine Gun Team
Pioneer Squad
Construct Luftwaffe Kompanie
GrW 34 Mortar Team
Jäger Squad
Flak 30 Anti-aircraft Gun Team
Selects Rapid Production
Jäger Squad
Selects Blitzkrieg
Construct Panzer Kompanie
REGULATOR
lubi
0
0
Comments
sign in to comment!
No comments posted yet!